Map: World of Sleepers LE

Players

Tjure

  • Race: Zerg Zerg
  • League: Master
  • Spawn Location: 1:00

Mez - Winner!

  • Race: Terran Terran
  • League: Master
  • Spawn Location: 7:00

VOD

Have the link to the VOD?

Description

Time

  • Played on: Aug. 31, 2019, 5:19 p.m.
  • Length: 6:12
Show
View Real Time Build Order
Export as new Build Order

Tjure Zerg 

Build Orders: Pool First 

Get SALT Encoding   

  12  0:00  Drone  
  13  0:12  Overlord  
  13  0:17  Drone  
  14  0:30  Drone x2  
  14  0:34  Drone  
  17  0:44  Spawning Pool  
  17  0:47  Drone  
  17  0:55  Drone  
  18  1:10  Hatchery  
  17  1:12  Extractor  
  17  1:15  Drone  
  17  1:20  Drone  
  18  1:34  Queen  
  18  1:35  Zergling x2  
  21  1:43  Roach Warren  
  21  1:44  Drone  
  21  1:49  Drone  
  22  2:00  Overlord  
  22  2:17  Queen  
  24  2:24  Roach x2  
  24  2:25  Roach  
  24  2:29  Queen  
  32  2:33  Overlord  
  33  2:51  Drone x5  
  37  2:59  Lair  
  37  3:05  Overlord  
  37  3:06  Roach  
  37  3:10  Drone  
  37  3:12  Drone  
  39  3:22  Overlord  
  39  3:23  Drone  
  39  3:24  Ravager  
  38  3:46  Extractor  
  36  3:50  Drone x9  
  36  3:53  Spore Crawler  
  36  3:54  Spore Crawler  
  39  4:06  Extractor  
  39  4:07  Extractor, Drone x2  
  39  4:17  Spire  
  39  4:21  Drone x2  
  39  4:22  Drone x5  
  45  4:26  Drone  
  46  4:44  Drone  
  47  4:46  Drone  
  47  4:52  Hatchery  
  47  4:55  Drone x3  
  47  4:57  Drone x2  
  47  4:58  Drone  
  53  5:11  Overlord  
  53  5:12  Overlord  
  53  5:24  Spore Crawler  
  53  5:25  Spore Crawler  
  53  5:26  Spore Crawler x2  
  49  5:29  Corruptor x2  
  49  5:30  Spore Crawler  
Show
View Real Time Build Order
Export as new Build Order

Mez Terran - Winner!

Build Orders: Reaper Expand 

Get SALT Encoding   

  12  0:01  SCV  
  13  0:13  SCV  
  14  0:17  Supply Depot  
  14  0:25  SCV  
  15  0:38  SCV  
  15  0:40  Barracks  
  16  0:45  Refinery  
  16  0:50  SCV  
  17  1:02  SCV  
  18  1:14  SCV  
  19  1:28  Orbital Command, Reaper  
  20  1:40  Command Center  
  20  1:49  Supply Depot  
  20  1:54  SCV  
  21  2:05  Marine  
  22  2:14  Factory  
  22  2:16  SCV  
  22  2:18  Refinery  
  23  2:25  Barracks Reactor  
  23  2:29  SCV  
  24  2:42  SCV  
  25  2:48  Bunker  
  24  2:59  Factory Tech Lab  
  24  3:02  Marine x2  
  24  3:05  Orbital Command  
  26  3:07  SCV  
  27  3:19  Cyclone, SCV  
  31  3:23  Marine x2  
  33  3:29  Supply Depot  
  33  3:31  SCV  
  34  3:40  SCV  
  34  3:43  Marine x2, SCV  
  36  4:07  SCV x2  
  36  4:08  Starport  
  38  4:14  Hellion, Supply Depot  
  38  4:15  Hellion  
  42  4:19  SCV x2  
  44  4:25  Stimpack  
  44  4:30  Liberator  
  44  4:31  SCV  
  44  4:32  SCV  
  44  4:35  Marine  
  44  4:38  Hellion x2  
  51  4:43  SCV  
  51  4:44  Supply Depot  
  52  4:50  SCV  
  56  4:55  SCV  
  57  5:02  SCV  
  57  5:06  Barracks  
  58  5:07  SCV  
  58  5:09  Barracks  
  58  5:12  Factory Reactor  
  59  5:14  SCV  
  59  5:15  Marine  
  59  5:19  Command Center, SCV  
  62  5:27  Supply Depot  
Tags
 
Add a new tag
Caveats
  • Supply blocks, unpowered buildings, or Contaminate may cause inaccurate times.
  • Supply counts are checked every 10 seconds.